 Dungeon Crawl Stone Soup version 0.30.1 (webtiles) character file.

Game seed: 12603324458433906748

2678 monsoonserge the Magician (level 9, -5/49 HPs)
             Began as a Vampire Ice Elementalist on July 6, 2023.
             Was a Believer of Kikubaaqudgha.
             Shot with an arrow by a centaur (12 damage)
             ... on level 5 of the Dungeon.
             The game lasted 00:36:01 (6523 turns).

monsoonserge the Magician (VpIE)                    Turns: 6523, Time: 00:36:02

Health: -5/49      AC:  7    Str:  7    XL:     9   Next: 37%
Magic:  18/18      EV: 14    Int: 27    God:    Kikubaaqudgha [**....]
Gold:   130        SH:  5    Dex: 15    Spells: 5/21 levels left

rFire   + . .        O - +7 scimitar (distort)
rCold   + . .        (no shield)
rNeg    + + +        P - +2 robe {Will+}
rPois   ∞            (no helmet)
rElec   .            o - +2 cloak
rCorr   .            (no gloves)
SInv    +            (no boots)
Will    +....        L - amulet of reflection
Stlth   +++++        c - ring of fire
HPRegen 0.00/turn    E - +6 ring of intelligence
MPRegen 0.16/turn

%: reflection
@: bloodless, inhibited regen
A: bloodless, fangs 3, see invisible, vampiric 2
a: Bat Form, Revivify, Renounce Religion, Unearth Wretches


You were on level 5 of the Dungeon.
You worshipped Kikubaaqudgha.
Kikubaaqudgha was pleased with you.
You visited 1 branch of the dungeon, and saw 7 of its levels.

You collected 310 gold pieces.
You spent 180 gold pieces at shops.

Inventory:

Hand Weapons
 k - a +1 falchion of pain
 D - a +2 dagger of venom
 O - a +7 scimitar of distortion (weapon)
Missiles
 q - 4 poisoned darts (quivered)
 H - 3 throwing nets
Armour
 o - a +2 cloak (worn)
 x - a +0 tower shield
 N - a +2 chain mail of willpower
 P - a +2 robe of willpower (worn)
Magical Staves
 C - a staff of death
Jewellery
 c - a ring of fire (left hand)
 E - a +6 ring of intelligence (right hand)
 L - an amulet of reflection (around neck)
Wands
 F - a wand of flame (12)
 I - a wand of iceblast (3)
Scrolls
 d - 6 scrolls of magic mapping {unknown}
 e - 8 scrolls of identify {unknown}
 f - 2 scrolls of poison {unknown}
 l - 2 scrolls of teleportation
 p - 2 scrolls of amnesia {unknown}
 s - a scroll of fog {unknown}
 u - a scroll of noise {unknown}
 v - a scroll of immolation {unknown}
 w - a scroll of vulnerability {unknown}
 y - a scroll of blinking {unknown}
 G - a scroll of brand weapon {unknown}
 J - a scroll of butterflies {unknown}
 M - a scroll of enchant armour {unknown}
Potions
 b - 2 potions of magic
 g - 4 potions of degeneration {unknown}
 h - 2 potions of invisibility {unknown}
 i - 4 potions of curing
 j - 2 potions of might {unknown}
 m - 3 potions of heal wounds {unknown}
 n - 2 potions of haste {unknown}
 t - a potion of ambrosia {unknown}
 z - 4 potions of lignification {unknown}
 K - 2 potions of mutation {unknown}


   Skills:
 + Level 2.7 Fighting
 - Level 5.1(5.6) Short Blades
 + Level 3.2(4.4) Long Blades
 + Level 0.1 Throwing
 + Level 4.7 Dodging
 + Level 4.3 Stealth
 + Level 0.1 Shields
 + Level 6.6 Spellcasting
 - Level 2.1 Hexes
 * Level 1.3 Summonings
 + Level 5.3 Necromancy
 * Level 5.8 Ice Magic


You had 5 spell levels left.
You knew the following spells:

 Your Spells              Type           Power      Damage    Failure   Level
a - Freeze                Ice            100%       1d10      1%          1
b - Frozen Ramparts       Ice            80%        1d13      1%          3
c - Ozocubu's Armour      Ice            40%        N/A       1%          3
d - Vampiric Draining     Necr           37%        2d8       1%          3
e - Summon Ice Beast      Ice/Summ       28%        N/A       14%         4
f - Ensorcelled Hibernat  Hex/Ice        60%        N/A       1%          2

Your spell library contained the following spells:

 Spells                   Type           Power      Damage    Failure   Level
 Kiss of Death            Conj/Necr      92%        2d12      1%          1
 Necrotise                Necr           100%       1d9       1%          1
 Sublimation of Blood     Necr           37%        N/A       1%          2
 Magic Dart               Conj           32%        1d4       6%          1
 Blink                    Tloc           16%        N/A       10%         2
 Lesser Beckoning         Tloc           16%        N/A       10%         2
 Momentum Strike          Conj/Tloc      16%        3d8       10%         2
 Passwall                 Tmut/Erth      6%         N/A       10%         2
 Searing Ray              Conj           16%        2d5       10%         2
 Wereblood                Tmut           8%         N/A       10%         2
 Dazzling Flash           Conj/Hex       28%        N/A       12%         3
 Swiftness                Air            8%         N/A       19%         3
 Volatile Blastmotes      Fire/Tloc      26%        2d12      19%         3
 Agony                    Necr           37%        N/A       19%         5
 Fulminant Prism          Conj/Hex       7%         3d7       36%         4
 Iskenderun's Mystic Bla  Conj/Tloc      8%         2d4       52%         4
 Ozocubu's Refrigeration  Ice            20%        4d11      99%         7
 Starburst                Conj/Fire      6%         6d4       100%        6
 Summon Hydra             Summ           7%         N/A       100%        7


Dungeon Overview and Level Annotations

Branches:
Dungeon (7/15)
 Temple: D:4-7

Altars:
Fedhas
Kikubaaqudgha
Okawaru
Ru
Uskayaw

Shops:
D:3 [[(?!   D:6 ?   D:7 =

Annotations:
D:3 2 transporters, CInkIbrahim's ghost, amateur DsGl
D:4 3 runed translucent doors, Voxie's ghost, amateur GrFi


Innate Abilities, Weirdness & Mutations

You do not regenerate when monsters are visible.
You are frail without blood (-20% HP).
You can heal yourself when you bite living creatures.
You are immune to poison.
You have razor-sharp teeth.
You have supernaturally acute eyesight. (SInv)
You are afflicted with vampirism and can become a bat while bloodless.


Message History

There is a stone staircase leading up here.
You climb upwards.
There is a stone staircase leading down here.
There is a stone staircase leading down here.
Unknown command.
You climb downwards.
Level annotation: 2 transporters, CInkIbrahim's ghost, amateur DsGl
There is a stone staircase leading up here.
There is a stone staircase leading down here.
You climb downwards.
Level annotation: 3 runed translucent doors, Voxie's ghost, amateur GrFi
There is a stone staircase leading up here.
You see here a +0 dagger.
There is a stone staircase leading down here.
You climb downwards.
There is a stone staircase leading up here.
Unknown command.
Things that are here:
a +6 ring of strength; a +0 leather armour; a +0 robe A centaur comes into view.
A phantom comes into view.
The centaur wields a +0 shortbow.
The centaur shoots an arrow.
The arrow hits you!
The centaur shoots an arrow.
The arrow hits you!
The centaur shoots an arrow.
The arrow hits you!
The centaur shoots an arrow.
The arrow misses you.
The centaur shoots an arrow.
The arrow hits you!
* * * LOW HITPOINT WARNING * * *
As you open the door, it creaks loudly!
There is an open door here.
You close the door.
A centaur opens the door.
The centaur shoots an arrow.
The arrow barely misses you.
The centaur shoots an arrow.
The arrow hits you!
* * * LOW HITPOINT WARNING * * *
There is a stone staircase leading down here.
The centaur shoots an arrow.
You block the arrow with an invisible shield... and reflect it back!
The arrow hits the centaur!
The centaur shoots an arrow.
The arrow hits you!
You die...
Kikubaaqudgha rasps: "You have failed me!
Welcome... oblivion!"

#..........##.#
#.............# #.
#.............###.
#.................
#.................
######.........#......
#.....................
###....[................
.......@................
...........####.........
...........# #<)........
...........####=...#####
...####....'c...........
...........##......##...
.. ........##......##...
.........##......#####
.......####......# #..


You could see a centaur.

Vanquished Creatures
  A hornet (D:6)
  Sigmund (D:6)
  Edmund (D:5)
  Menkaure (D:5)
  An acid dragon (D:6)
  A water moccasin (D:6)
  An orc warrior (D:7)
  A black bear (D:4)
  2 sky beasts (D:6)
  An ogre (D:6)
  A centaur (D:6)
  A phantom (D:6)
  A bullfrog (D:7)
  Blork the orc (D:5)
  5 scorpions
  A wight (D:5)
  2 gnoll boudas (D:6)
  A hound (D:7)
  An orc priest (D:7)
  A sleepcap (D:7)
  A jelly (D:6)
  6 iguanas
  6 orc wizards
  11 gnolls
  7 adders
  2 white imps
  An ufetubus (D:7)
  A worm (D:2)
  2 dart slugs
  13 orcs
  9 ball pythons
  6 bats
  5 endoplasms
  3 giant cockroaches (D:1)
  11 goblins
  11 hobgoblins
  9 jackals
  5 quokkas
  3 frilled lizards
  8 kobolds
  7 rats
153 creatures vanquished.

Vanquished Creatures (collateral kills)
  2 orcs (D:5)
2 creatures vanquished.

Grand Total: 155 creatures vanquished

Notes
Turn   | Place    | Note
-------+----------+-------------------------------------------
     0 | D:1      | monsoonserge the Vampire Ice Elementalist began the quest
                  | for the Orb.
     0 | D:1      | Reached XP level 1. HP: 13/13 MP: 3/3
   111 | D:1      | Reached XP level 2. HP: 19/19 MP: 1/5
   396 | D:1      | Gained mutation: You are afflicted with vampirism and can
                  | become a bat while bloodless. [Vampire growth]
   396 | D:1      | Reached XP level 3. HP: 17/24 MP: 3/6
   418 | D:1      | Learned a level 3 spell: Frozen Ramparts
   508 | D:1      | You fall into a shaft and drop 1 floor!
  1040 | D:2      | Learned a level 3 spell: Ozocubu's Armour
  1157 | D:2      | Reached skill level 1 in Short Blades
  1157 | D:2      | Reached XP level 4. HP: 24/24 MP: 4/8
  1468 | D:3      | Noticed a scorpion
  1475 | D:3      | Killed a scorpion
  1476 | D:3      | Reached skill level 3 in Spellcasting
  1476 | D:3      | Reached XP level 5. HP: 27/28 MP: 7/9
  1480 | D:3      | Learned a level 3 spell: Vampiric Draining
  1494 | D:3      | Found Laugyqor's Armour Shop.
  1559 | D:3      | Found a transporter.
  1561 | D:3      | Found a transporter.
  1561 | D:3      | Noticed CInkIbrahim's ghost (amateur DsGl)
  1607 | D:3      | Found Keanunko's Armour Shop.
  1664 | D:3      | Found Leumas's Magic Scroll Shop.
  1673 | D:3      | Bought a scroll of teleportation for 42 gold pieces
  1756 | D:3      | Found an ancient bone altar of Kikubaaqudgha.
  1946 | D:3      | Became a worshipper of Kikubaaqudgha
  2111 | D:3      | Found Voshity's Distillery.
  2129 | D:3      | Bought a potion of curing for 33 gold pieces
  2203 | D:3      | Found an iron altar of Okawaru.
  2311 | D:3      | Found Pitzitwu's Weapon Shop.
  2651 | D:4      | Noticed a black bear
  2662 | D:4      | Killed a black bear
  2663 | D:4      | Reached skill level 1 in Necromancy
  2663 | D:4      | Reached skill level 5 in Ice Magic
  2663 | D:4      | Reached XP level 6. HP: 17/33 MP: 6/10
  2837 | D:4      | Reached skill level 1 in Fighting
  2882 | D:4      | Reached * piety under Kikubaaqudgha
  2882 | D:4      | Received a gift from Kikubaaqudgha
  3228 | D:4      | Found a runed translucent gate.
  3228 | D:4      | Found a runed translucent gate.
  3228 | D:4      | Found a runed translucent gate.
  3243 | D:4      | Noticed Voxie's ghost (amateur GrFi)
  3342 | D:5      | Entered Level 5 of the Dungeon
  3365 | D:5      | Noticed Menkaure
  3370 | D:6      | Noticed Sigmund
  3373 | D:6      | Killed Sigmund
  3374 | D:6      | Reached XP level 7. HP: 38/38 MP: 12/12
  3712 | D:6      | Reached skill level 4 in Spellcasting
  3901 | D:6      | Found a blossoming altar of Fedhas.
  3915 | D:6      | Noticed a hornet
  3926 | D:6      | Killed a hornet
  3927 | D:6      | Reached XP level 8. HP: 6/44 MP: 1/14
  4109 | D:6      | Reached skill level 5 in Short Blades
  4135 | D:6      | Reached skill level 1 in Long Blades
  4225 | D:6      | Reached skill level 5 in Spellcasting
  4324 | D:6      | Found Upogubbof's Magic Scroll Shop.
  4433 | D:6      | Reached skill level 5 in Necromancy
  4438 | D:6      | Identified the +5 mace "Ymane" {drain, rC- Will+ Str+4}
  4847 | D:6      | Reached skill level 6 in Spellcasting
  4935 | D:6      | Reached ** piety under Kikubaaqudgha
  5014 | D:6      | Learned a level 4 spell: Summon Ice Beast
  5065 | D:6      | Found a hide-covered altar of Uskayaw.
  5110 | D:7      | Learned a level 2 spell: Ensorcelled Hibernation
  5173 | D:7      | Reached XP level 9. HP: 49/49 MP: 18/18
  5194 | D:7      | Identified the +0 chain mail "Tovoleoc" {+Inv}
  5256 | D:7      | Found a sacrificial altar of Ru.
  5318 | D:7      | Reached skill level 1 in Hexes
  5476 | D:7      | Found Dishapn's Jewellery Shoppe.
  5831 | D:5      | Noticed Edmund
  5838 | D:5      | Killed Edmund
  5923 | D:5      | Noticed Blork the orc
  6030 | D:5      | Killed Blork the orc
  6123 | D:5      | Killed Menkaure
  6124 | D:5      | Reached skill level 1 in Summonings
  6379 | D:3      | Bought a scroll of enchant weapon for 105 gold pieces
  6523 | D:5      | Shot with an arrow by a centaur

Illustrated notes

Levels and vault maps discovered:
D:1:      minmay_arrival_five_plusses, layout_loops_ring
D:2:      layout_loops_cross
D:3:      layout_loops_ring, okawaru_altar_gauntlet_db,
          gammafunk_temple_overflow_elements, gammafunk_ghost_arena,
          serial_shops, shop, nicolae_shop_tiny_glass, shop_statue, shop,
          nicolae_lakefront_shop
D:4:      layout_basic, gammafunk_ghost_nasty_kobolds, minmay_hedge_maze
D:5:      layout_basic, mainiacjoe_overflow_large_starburst,
          lemuel_mausoleum_altar_yredelemnul, minmay_temple_entry_arrows,
          kennysheep_generic_room_12, uniq_blork_the_orc, uniq_edmund,
          uniq_menkaure
D:6:      layout_loops_ring, fedhas_altar_2, general_overflow_altar,
          serial_shops, shop, serial_glass, glass_columns_a, glass_columns_b,
          minmay_strange_pillars, item_on_display_a,
          minmay_fractal_squares_gapless_5, uniq_sigmund
D:7:      layout_cave_pods, nicolae_overflow_crystal_walls, serial_shops, shop,
          serial_glass, glass_columns_c, glass_columns_a, glass_columns_a,
          glass_columns_c

Skill      XL: |  1  2  3  4  5  6  7  8  9 |
---------------+----------------------------+-----
Short Blades   | 1 2 3 4 5 |  5.1
Stealth        | 4 |  4.3
Spellcasting   | 3 4 6 |  6.6
Necromancy     | 1 3 4 5 |  5.3
Ice Magic      | 5 |  5.8
Fighting       | 1 2 |  2.7
Dodging        | 3 4 |  4.7
Long Blades    | 2 3 |  3.2
Hexes          | 2 |  2.1
Summonings     | 1 |  1.3
Throwing       | |  0.1
Shields        | |  0.1

Action                     |  1- 3 |  4- 6 |  7- 9 || total
---------------------------+-------+-------+-------++-------
  Melee: Unarmed           |     5 |       |       ||     5
         Dagger            |     5 |    21 |    52 ||    78
         Bite              |     4 |     6 |    20 ||    30
         Rapier            |    55 |    68 |       ||   123
         Short sword       |     4 |       |       ||     4
         Falchion          |       |       |    66 ||    66
         Punch             |       |       |     5 ||     5
         Scimitar          |       |       |    11 ||    11
  Throw: Dart              |       |       |     5 ||     5
         Throwing net      |       |       |     1 ||     1
   Cast: Freeze            |    25 |     3 |     1 ||    29
         Frozen Ramparts   |       |     5 |    22 ||    27
         Ozocubu's Armour  |       |     1 |    17 ||    18
         Vampiric Draining |       |       |     4 ||     4
         Ensorcelled Hiber |       |       |     9 ||     9
         Summon Ice Beast  |       |       |     1 ||     1
Ability: Exsanguinate      |     1 |       |       ||     1
    Use: Scroll            |       |       |     5 ||     5
   Stab: Sleeping          |    12 |    23 |     8 ||    43
 Armour: Robe              |    16 |    24 |    43 ||    83
  Dodge: Dodged            |    56 |    52 |   100 ||   208
  Block: Other             |       |       |    10 ||    10
         Reflection        |       |       |     1 ||     1
